 Dungeon Crawl Stone Soup version 0.31.0-9-g3a7656b989 (webtiles) character file.

Game seed: 4327915749168706974

24 qw the Shooter (level 2, -1/16 HPs)
             Began as a Deep Elf Hunter on Feb 2, 2024.
             Slain by a kobold
             ... wielding a +3 short sword
              (6 damage)
             ... on level 1 of the Dungeon.
             The game lasted 00:00:00 (220 turns).

qw the Shooter (Deep Elf Hunter)                     Turns: 220, Time: 00:00:01

Health: -1/16      AC:  3    Str:  8    XL:     2   Next: 79%
Magic:  4/4        EV: 12    Int: 13    God:
Gold:   19         SH:  0    Dex: 18    Spells: 1/1 levels left

rFire   . . .        a - +0 shortbow
rCold   . . .        (shield currently unavailable)
rNeg    . . .        c - +0 leather armour
rPois   .            (no helmet)
rElec   .            (no cloak)
rCorr   .            (no gloves)
SInv    .            (no boots)
Will    .....        (no amulet)
Stlth   ++           (no ring)
HPRegen 0.22/turn    (no ring)
MPRegen 0.09/turn

%: no passive effects
@: no status effects
A: no striking features
a: no special abilities


You were on level 1 of the Dungeon.
You visited 1 branch of the dungeon, and saw 1 of its levels.

You collected 19 gold pieces.


   Skills:
 - Level 1.5 Fighting
 + Level 6.5 Ranged Weapons
 - Level 2.4 Dodging
 - Level 1.2 Stealth


You had one spell level left.
You didn't know any spells.
Your spell library was empty.

Inventory:

Hand Weapons
 a - a +0 shortbow (weapon)
Armour
 c - a +0 leather armour (worn)
Scrolls
 b - a scroll of butterflies
Potions
 d - a potion of degeneration {unknown}
 e - a potion of curing {unknown}

Dungeon Overview and Level Annotations

Branches:
Dungeon (1/15)

Altars:


Message History

You shoot an arrow. The arrow closely misses the hobgoblin.
You shoot an arrow. The arrow hits the hobgoblin.
The hobgoblin is heavily wounded.
You shoot an arrow. The arrow barely misses the hobgoblin.
You shoot an arrow. The arrow barely misses the hobgoblin.
You shoot an arrow. The arrow hits the hobgoblin.
You kill the hobgoblin!
A goblin comes into view. It is wielding a +0 dagger.
You shoot an arrow. The arrow hits the goblin.
You kill the goblin!
An endoplasm comes into view.
The endoplasm quivers.
The endoplasm moves out of view.
A hobgoblin comes into view.
You shoot an arrow.
The arrow hits the hobgoblin but does no damage.
You shoot an arrow. The arrow hits the hobgoblin.
The hobgoblin is almost dead.
You hear a shout!
A kobold comes into view. It is wielding a +3 short sword.
The hobgoblin hits you.
You hear a shout!
You shoot an arrow. The arrow closely misses the hobgoblin.
The arrow hits the endoplasm.
You kill the endoplasm!
The hobgoblin hits you.
You shoot an arrow. The arrow hits the hobgoblin.
You kill the hobgoblin!
You shoot an arrow. The arrow barely misses the kobold.
The kobold hits you with a +3 short sword.
You shoot an arrow. The arrow barely misses the kobold.
The kobold hits you with a +3 short sword.
You shoot an arrow.
The arrow hits the kobold but does no damage.
The kobold closely misses you.
You shoot an arrow. The arrow hits the kobold.
The kobold is moderately wounded.
The kobold misses you.
The kobold hits you with a +3 short sword.
You die...

####.#### #.# #.#
#.# #.# #.# #.#
#.# #.# #.# #.#
#.## #.# #..# #.#
##.# #@# ......K.#
..#.....#
.......)# ##.##
##.......#
#...####.........#
..~..#.....#.....#
..~....~..8#####.#
.~~~..~...


You could see a kobold.

Vanquished Creatures
  A bat (D:1)
  2 endoplasms (D:1)
  2 giant cockroaches (D:1)
  3 goblins (D:1)
  3 hobgoblins (D:1)
  3 jackals (D:1)
  2 ball pythons (D:1)
  A frilled lizard (D:1)
  2 kobolds (D:1)
  A rat (D:1)
20 creatures vanquished.

Notes
Turn   | Place    | Note
-------+----------+-------------------------------------------
     0 | D:1      | qw the Deep Elf Hunter began the quest for the Orb.
     0 | D:1      | Reached XP level 1. HP: 12/12 MP: 3/3
     0 | D:1      | 0 ||| qw: Version: 0.3-a-155-g5e7d8dd
     0 | D:1      | 0 ||| qw: Game counter: 871
     0 | D:1      | 0 ||| qw: Melee chars always use a shield: true
     0 | D:1      | 0 ||| qw: God list: Okawaru
     0 | D:1      | 0 ||| qw: Allow faded altars: false
     0 | D:1      | 0 ||| qw: Do Orc after clearing Dungeon:15 true
     0 | D:1      | 0 ||| qw: Do second Lair branch before Depths: true
     0 | D:1      | 0 ||| qw: Lair rune preference: random
     0 | D:1      | 0 ||| qw: Goals: Normal
     0 | D:1      | 0 ||| PLANNING D:1-11
    98 | D:1      | Reached skill level 6 in Ranged Weapons
    98 | D:1      | Reached XP level 2. HP: 16/16 MP: 4/4
   218 | D:1      | HP: 4/16 [kobold/+3 short sword (3)]
   220 | D:1      | Slain by a kobold

Levels and vault maps discovered:
D:1:      eino_arrival_water_star, layout_rooms

Skill      XL: |  1 |
---------------+----+-----
Ranged Weapons | 6 |  6.5
Fighting       | |  1.5
Dodging        | |  2.4
Stealth        | |  1.2

Action                     || total
---------------------------++-------
   Fire: Shortbow          ||    51
 Armour: Leather armour    ||     8
  Dodge: Dodged            ||    15

Table legend:
 A = Non-vault XP
 B = Vault XP
 C = Vault XP percentage of total XP
 D = Non-vault monster count
 E = Vault monster count
 F = Vault count percentage of total count
                 A         B        C        D         E       F
            +---------+---------+-------+---------+---------+-------
      Total |      35 |       0 |   0.0 |      20 |       0 |   0.0
            +---------+---------+-------+---------+---------+-------
        D:1 |      35 |       0 |   0.0 |      20 |       0 |   0.0
            +---------+---------+-------+---------+---------+-------
